Map: Base du roi Sejong EC

Players

grochow

  • Race: Zerg Zerg
  • League: Gold
  • Spawn Location: 11:00

zidar - Winner!

  • Race: Zerg Zerg
  • League: Gold
  • Spawn Location: 5:00

VOD

Have the link to the VOD?

Description

Time

  • Played on: June 16, 2016, 3:02 p.m.
  • Length: 3:27
Show
View Real Time Build Order
Export as new Build Order

grochow Zerg 

Build Orders: 1 Base Baneling Bust, Pool Only 

Get SALT Encoding   

  12  0:02  Drone  
  13  0:08  Drone  
  14  0:29  Spawning Pool  
  14  0:30  Drone  
  14  0:46  Overlord  
  14  0:50  Extractor  
  14  0:52  Extractor  
  14  0:53  Drone x2  
  15  0:58  Overlord  
  15  1:15  Queen  
  17  1:22  Drone x2  
  19  1:30  Drone  
  20  1:45  Drone  
  21  2:03  Overlord  
  21  2:06  Metabolic Boost  
  21  2:12  Baneling Nest  
  20  2:15  Zergling x2  
  20  2:16  Zergling x2  
  22  2:23  Zergling x2  
  22  2:25  Zergling x6  
  26  2:38  Zergling x2  
  27  3:00  Zergling x8  
Show
View Real Time Build Order
Export as new Build Order

zidar Zerg - Winner!

Build Orders: Pool First 

Get SALT Encoding   

  12  0:19  Spawning Pool  
  11  0:22  Drone  
  11  0:25  Extractor  
  11  0:30  Drone  
  12  0:40  Overlord  
  12  1:07  Queen, Zergling x2  
  12  1:09  Zergling x2  
  16  1:14  Zergling x2  
  17  1:21  Zergling x2  
  18  1:31  Metabolic Boost  
  18  1:36  Zergling x2  
  19  1:44  Drone  
  20  1:50  Overlord  
  20  2:01  Zergling x2  
  21  2:13  Zergling x2  
  22  2:16  Zergling x2  
  22  2:18  Zergling x4  
  25  2:28  Zergling x2  
  26  2:35  Zergling x2  
  27  2:50  Zergling x2  
  28  2:52  Zergling x2  
  28  2:56  Hatchery, Zergling x2  
  29  3:00  Zergling x2  
Tags
 
Add a new tag
Caveats
  • Supply blocks, unpowered buildings, or Contaminate may cause inaccurate times.
  • Supply counts are checked every 10 seconds.